 Dungeon Crawl Stone Soup version 0.32-a0-928-g1cae6b7ea0 (webtiles) character file.

Game seed: 2329257605133337275

32916 runemasterragnar the Skirmisher (level 13, -42/101 HPs)
             Began as a Coglin Hunter on Apr 12, 2024.
             Was a High Priest of Okawaru.
             Annihilated by a large slime creature (45 damage)
             ... on level 13 of the Dungeon.
             The game lasted 00:33:47 (18230 turns).

runemasterragnar the Skirmisher (Coglin Hunter)    Turns: 18230, Time: 00:33:48

Health: -42/101    AC: 16    Str: 12    XL:     13   Next: 67%
Magic:  17/17      EV: 14    Int: 10    God:    Okawaru [*****.]
Gold:   968        SH:  0    Dex: 21    Spells: 12/12 levels left

rFire   . . .        a - +3 sling (chaos) {Gabriela}
rCold   . . .        d - +0 sling {Osbert}
rNeg    . . .        G - quicksilver dragon scales
rPois   .            p - +2 helmet
rElec   .            (no cloak)
rCorr   .            (no gloves)
SInv    .            i - +1 pair of boots
Will    +....        (amulet unavailable)
Stlth   ++++         (ring unavailable)
HPRegen 0.36/turn    (ring unavailable)
MPRegen 0.15/turn    (no gizmo)

%: no passive effects
@: revved
A: off-hand wielding, slow wielding, warmup strikes, no jewellery
a: Invent Gizmo, Renounce Religion, Heroism, Finesse, Duel


You were on level 13 of the Dungeon.
You worshipped Okawaru.
Okawaru was extremely pleased with you.
You visited 3 branches of the dungeon, and saw 17 of its levels.
You also visited: Ossuary and Bailey.

You collected 968 gold pieces.

Inventory:

Hand Weapons
 a - a +3 sling of chaos (weapon) {Gabriela}
 d - a +0 sling (offhand) {Osbert}
Armour
 c - a +0 leather armour
 i - a +1 pair of boots (worn)
 p - a +2 helmet (worn)
 A - +0 steam dragon scales
 G - quicksilver dragon scales (worn)
Wands
 n - a wand of flame (18)
 r - a wand of iceblast (1)
 u - a wand of digging (5)
 w - a wand of light (5)
Scrolls
 b - a scroll of butterflies
 h - 2 scrolls of fog
 q - 3 scrolls of teleportation
 s - 5 scrolls of enchant weapon
 t - 2 scrolls of immolation
 x - 3 scrolls of poison
 y - a scroll of enchant armour
 C - 2 scrolls of amnesia
 D - a scroll of vulnerability
Potions
 e - 3 potions of attraction
 f - 4 potions of enlightenment
 g - 2 potions of haste {unknown}
 j - a potion of invisibility {unknown}
 k - a potion of degeneration {unknown}
 l - a potion of might {unknown}
 m - 2 potions of brilliance
 o - 5 potions of cancellation
 v - 4 potions of curing
 B - a potion of mutation {unknown}
 E - 3 potions of ambrosia {unknown}
 F - a potion of magic {unknown}
Miscellaneous
 z - a tin of tremorstones (2/2)


   Skills:
 + Level 9.6 Fighting
 * Level 12.4 Ranged Weapons
 + Level 5.0 Armour
 - Level 7.1 Dodging
 + Level 8.4 Stealth
 - Level 5.7 Invocations
 + Level 10.7 Evocations


You had 12 spell levels left.
You didn't know any spells.
Your spell library contained the following spells:

 Spells                   Type           Power      Damage    Failure   Level
 Hailstorm                Conj/Ice       0%         3d5       94%         3
 Leda's Liquefaction      Alch/Erth      0%         N/A       100%        4
 Lee's Rapid Deconstruct  Erth           0%         3d4*      100%        5
 Permafrost Eruption      Ice/Erth       0%         2x4d1     100%        6
 Summon Ice Beast         Ice/Summ       Unusable   N/A       N/A         3
 Sculpt Simulacrum        Ice/Alch       Unusable   N/A       N/A         6

Dungeon Overview and Level Annotations

Branches:
Dungeon (13/15)            Temple (1/1) D:6            Lair (3/5) D:10
  Snake (0/4) Lair:2          Orc (0/2) D:12        Ossuary (visited)
 Bailey (visited)
  Swamp: Lair:2-3    Shoals: Lair:2-3    Vaults: D:13-14

Altars:
Ashenzari
Cheibriados
Dithmenos
Elyvilon
Fedhas
Gozag
Hepliaklqana
Kikubaaqudgha
Makhleb
Nemelex Xobeh
Okawaru
Qazlal
Ru
Sif Muna
Trog
Uskayaw
Vehumet
Wu Jian
Xom
Yredelemnul
Zin
The Shining One

Portals:
Trove: D:12 (give 7 scrolls of fear)

Annotations:
Lair:2 3 runed translucent doors, grrhawk's ghost, adept OnGl


Innate Abilities, Weirdness & Mutations

You can wield a second weapon in your off-hand.
It takes a long time for you to wield or remove held weapons.
Your first few attacks do less damage.
You cannot equip rings or amulets.


Message History

Aim: a large slime creature (almost dead, strong, 87% to hit)
You shoot a sling bullet.
The sling bullet barely misses the large slime creature.
You shoot a sling bullet.
The sling bullet barely misses the large slime creature.
Fire: a) +3 sling (chaos) {Gabriela}
Press: ? - help, Shift-Dir - straight line, f/p - large slime creature
Aim: a large slime creature (almost dead, strong, 87% to hit)
You shoot a sling bullet.
The sling bullet hits the large slime creature.
The large slime creature is almost dead.
You shoot a sling bullet.
The sling bullet hits the large slime creature.
The sling bullet freezes the large slime creature.
The large slime creature is almost dead.
The large slime creature hits you!!!
Unknown command.
Fire: a) +3 sling (chaos) {Gabriela}
Press: ? - help, Shift-Dir - straight line, f/p - large slime creature
Aim: a large slime creature (almost dead, strong, 87% to hit)
You shoot a sling bullet.
The sling bullet hits the large slime creature!
The large slime creature is almost dead.
You shoot a sling bullet.
The sling bullet hits the large slime creature.
The large slime creature is almost dead.
The large slime creature hits you!!!
* * * LOW HITPOINT WARNING * * *
Okay, then.
Fire: a) +3 sling (chaos) {Gabriela}
Press: ? - help, Shift-Dir - straight line, f/p - large slime creature
Aim: a large slime creature (almost dead, strong, 87% to hit)
You shoot a sling bullet.
The sling bullet hits the large slime creature but does no damage.
The large slime creature is almost dead.
You shoot a sling bullet.
The sling bullet hits the large slime creature.
The large slime creature is almost dead.
The large slime creature hits you!!!
You die...

... ... ... .... ##########
... #.. #........# #J#...
###........# ####.#.##.##
#..........# #.....>....#
#.#........#####.##.####..# #
#.#............#..........#.#
#.#.........##@#...#.#.......
#.#.........##J#.........#.
#.###.......#......).....#
#.####################<..#
#............)........#..#
#####################.#.....
#.#....... #.###.#### #.. ..


You could see a large slime creature (strong).

Vanquished Creatures
  A hydra (Lair:2)
  2 boulder beetles (D:12)
  3 two-headed ogres
  Pikel (D:8)
  2 manticores (D:12)
  An ugly thing (D:12)
  A cyclops (D:12)
  5 elephants (Lair:1)
  2 black mambas (Lair:3)
  4 cane toads
  An orange demon (D:12)
  3 gargoyles
  4 kobold demonologists (D:10)
  3 rime drakes
  4 komodo dragons
  Jeremiah (D:7)
  A red devil (D:12)
  4 trolls
  2 polar bears
  14 blink frogs
  Prince Ribbit (D:9)
  3 slime creatures
  A wyvern (D:8)
  2 wraiths
  28 yaks
  4 basilisks
  A fire bat (D:12)
  2 steam dragons
  A warg (D:12)
  A neqoxec (D:12)
  2 vampire mosquitoes (D:12)
  2 nagas (Lair:2)
  An acid dragon (D:11)
  5 water moccasins
  Duvessa (D:5)
  An ice beast (D:7)
  15 orc warriors
  2 black bears
  An ogre (D:7)
  15 centaurs
  4 lemures (D:8)
  17 wolves
  A phantom (D:5)
  3 kobold brigands
  3 elf zombies (Ossuary)
  10 bullfrogs
  3 wights (D:8)
  Dowan (D:5)
  9 killer bees
  3 howler monkeys
  An electric eel (D:9)
  4 centaur zombies (Ossuary)
  A crimson imp (D:9)
  2 quasits (D:12)
  3 hounds
  4 human zombies (Ossuary)
  4 orc priests
  A gnoll bouda (D:5)
  An iron imp (D:12)
  2 jellies
  A sleepcap (D:5)
  2 iguanas
  5 orc wizards
  3 mummies (Ossuary)
  Robin (D:3)
  2 adders (D:2)
  7 gnolls
  A shadow imp (D:12)
  3 white imps
  A howler monkey simulacrum (D:9)
  3 ribbon worms
  2 dart slugs
  54 orcs
  8 ball pythons
  10 endoplasms
  13 giant cockroaches
  16 goblins
  6 hobgoblins
  15 kobolds
  5 quokkas
  6 bats
  3 frilled lizards
  6 rats
398 creatures vanquished.

Vanquished Creatures (collateral kills)
  2 elephants (Lair:1)
  2 yaks (Lair:2)
4 creatures vanquished.

Vanquished Creatures (others)
  2 elephants
  2 yaks (Lair:2)
4 creatures vanquished.

Grand Total: 406 creatures vanquished

Notes
Turn   | Place    | Note
-------+----------+-------------------------------------------
     0 | D:1      | runemasterragnar the Coglin Hunter began the quest for the
                  | Orb.
     0 | D:1      | Reached XP level 1. HP: 16/16 MP: 1/1
   154 | D:1      | Reached skill level 1 in Stealth
   168 | D:1      | Reached XP level 2. HP: 19/22 MP: 2/2
   630 | D:2      | Found a faded altar of an unknown god.
   768 | D:2      | Reached XP level 3. HP: 27/27 MP: 3/3
   770 | D:2      | Reached skill level 4 in Ranged Weapons
   894 | D:2      | Reached XP level 4. HP: 34/34 MP: 4/4
  1552 | D:3      | Noticed Robin
  1581 | D:3      | Killed Robin
  1639 | D:3      | Reached XP level 5. HP: 31/40 MP: 5/5
  2291 | D:4      | Reached XP level 6. HP: 45/47 MP: 6/6
  2627 | D:4      | Reached skill level 5 in Ranged Weapons
  2655 | D:4      | Noticed a black bear
  2661 | D:4      | Killed a black bear
  2838 | D:4      | Found a glowing golden altar of the Shining One.
  2838 | D:4      | Found an ornate altar of the Wu Jian Council.
  2838 | D:4      | Found a blossoming altar of Fedhas.
  3160 | D:5      | Entered Level 5 of the Dungeon
  3234 | D:5      | Found an opulent altar of Gozag.
  3261 | D:5      | Found a shimmering blue altar of Sif Muna.
  3337 | D:5      | Reached XP level 7. HP: 52/52 MP: 7/7
  3427 | D:5      | Noticed Duvessa
  3427 | D:5      | Noticed Dowan
  3438 | D:5      | Killed Duvessa
  3439 | D:5      | Killed Dowan
  3784 | D:5      | Reached skill level 6 in Ranged Weapons
  4200 | D:6      | Found a staircase to the Ecumenical Temple.
  4211 | Temple   | Entered the Ecumenical Temple
  4249 | Temple   | Became a worshipper of Warmaster Okawaru
  4408 | D:6      | Reached XP level 8. HP: 52/60 MP: 8/8
  4647 | D:6      | Found a sand-covered staircase.
  4747 | Ossuary  | Entered an ossuary
  4772 | Ossuary  | Reached skill level 1 in Evocations
  4785 | Ossuary  | Reached skill level 1 in Invocations
  4865 | Ossuary  | Reached * piety under Okawaru
  5085 | D:6      | Noticed a yak
  5085 | D:6      | Noticed a yak
  5085 | D:6      | Noticed a yak
  5283 | D:7      | Noticed Jeremiah
  5304 | D:7      | Killed Jeremiah
  5304 | D:7      | Reached ** piety under Okawaru
  5305 | D:7      | Reached skill level 5 in Fighting
  5305 | D:7      | Reached skill level 7 in Ranged Weapons
  5305 | D:7      | Reached XP level 9. HP: 44/68 MP: 10/10
  5330 | D:7      | Found a flagged portal.
  5335 | Bailey   | Entered a bailey
  5788 | Bailey   | Reached skill level 5 in Dodging
  6047 | Bailey   | Reached *** piety under Okawaru
  6436 | Bailey   | Reached skill level 8 in Ranged Weapons
  6584 | Bailey   | Reached skill level 5 in Stealth
  6584 | Bailey   | Reached skill level 5 in Evocations
  6584 | Bailey   | Reached XP level 10. HP: 69/76 MP: 12/12
  6806 | Bailey   | Reached **** piety under Okawaru
  7383 | D:7      | Noticed a two-headed ogre
  7392 | D:7      | Killed a two-headed ogre
  7469 | D:7      | Found an ancient bone altar of Kikubaaqudgha.
  7664 | D:7      | Found a hazy altar of Hepliaklqana.
  8310 | D:8      | Noticed Pikel
  8505 | D:8      | Killed Pikel
  8505 | D:8      | Reached ***** piety under Okawaru
  8506 | D:8      | Reached skill level 9 in Ranged Weapons
  8794 | D:8      | Found a glowing silver altar of Zin.
  8794 | D:8      | Noticed an angel
  9196 | D:9      | Found a radiant altar of Vehumet.
  9196 | D:9      | Found a burning altar of Makhleb.
  9379 | D:9      | Reached XP level 11. HP: 70/83 MP: 14/14
  9385 | D:9      | Received a gift from Okawaru
  9556 | D:9      | Identified the +3 plate armour of Dawn {rF++}
  9603 | D:9      | Found a white marble altar of Elyvilon.
  9635 | D:9      | Noticed Prince Ribbit
  9644 | D:9      | Killed Prince Ribbit
  9794 | D:9      | Noticed a two-headed ogre
 10060 | D:10     | Entered Level 10 of the Dungeon
 10413 | D:10     | Found a staircase to the Lair.
 10503 | D:10     | Noticed a sun demon
 10514 | D:10     | Noticed a sixfirhy
 10526 | D:10     | Noticed a sun demon
 10528 | D:10     | Reached skill level 10 in Ranged Weapons
 11099 | D:10     | Found a basalt altar of Yredelemnul.
 11646 | D:11     | Reached skill level 5 in Invocations
 11952 | D:11     | Noticed a two-headed ogre
 11965 | D:11     | Killed a two-headed ogre
 11965 | D:11     | Received a gift from Okawaru
 12350 | D:11     | Found a shadowy altar of Dithmenos.
 12423 | Lair:1   | Entered Level 1 of the Lair of Beasts
 12439 | Lair:1   | Reached XP level 12. HP: 61/92 MP: 15/15
 12454 | Lair:1   | Reached skill level 1 in Armour
 13494 | Lair:1   | Received a gift from Okawaru
 13822 | Lair:2   | Noticed an eight-headed hydra
 13827 | Lair:2   | Killed an eight-headed hydra
 13900 | Lair:2   | Reached skill level 11 in Ranged Weapons
 14158 | Lair:2   | Found a staircase to the Snake Pit.
 14417 | Lair:2   | Noticed a death yak
 14418 | Lair:2   | Noticed a minotaur
 14421 | Lair:2   | Noticed grrhawk's ghost (adept OnGl)
 14831 | Lair:2   | Found a runed translucent gate.
 14831 | Lair:2   | Found a runed translucent gate.
 14831 | Lair:2   | Found a runed translucent gate.
 15153 | Lair:2   | Received a gift from Okawaru
 15375 | Lair:2   | Reached XP level 13. HP: 97/100 MP: 17/17
 15751 | Lair:3   | Reached skill level 10 in Evocations
 16000 | Lair:3   | Reached skill level 12 in Ranged Weapons
 16966 | D:12     | Found a staircase to the Orcish Mines.
 17298 | D:12     | Received a gift from Okawaru
 18015 | D:12     | Found a portal to a secret trove of treasure.
 18142 | D:13     | Reached skill level 5 in Armour
 18229 | D:13     | HP: 2/101 [large slime creature (49)]
 18230 | D:13     | Annihilated by a large slime creature

Illustrated notes

Levels and vault maps discovered:
D:1:      pf_arrival_petrified_forest, layout_basic
D:2:      minmay_roachtagon, layout_basic,
          chequers_ecumenical_altar_simple_redux, serial_bayou,
          serial_bayou_pond_d, serial_bayou_lake_a, serial_bayou_ford_a,
          serial_bayou_shore_a, minmay_between
D:3:      layout_loops_ring, chequers_serial_rivers_micro_d, uniq_robin
D:4:      layout_loops_ring, gammafunk_temple_overflow_claw, grunt_ministairs_10
D:5:      dreamdust_elfheim, layout_loops_cross, lemuel_round_altar,
          mainiacjoe_overflow_alcove_2
D:6:      layout_basic, minmay_temple_entry_hall, enter_ossuary_2, uniq_duvessa
D:7:      layout_gridville, old_standard_altar,
          worldfamousw_hep_ancestral_shrine, enter_bailey_3, uniq_jeremiah
D:8:      layout_gridville, zin_angel, hangedman_decor_peaks_small, uniq_pikel
D:9:      minmay_distorted_concentric_squares, layout_irregular_city,
          grunt_temple_overflow_lords_of_destruction,
          nicolae_overflow_hidden_temple, kennysheep_dice, uniq_prince_ribbit1
D:10:     layout_basic, mainiacjoe_overflow_paths, david_lair_generic
D:11:     layout_rooms, mumra_transporter_accident,
          nicolae_dithmenos_the_darkroom
D:12:     layout_loops_cross, erik_orc_3, nicolae_trove_entry_crystal,
          nicolae_demonic_statue_gallery
D:13:     layout_basic, hellmonk_vaults_order_and_chaos
Temple:   jpeg_temple_alley_garden
Lair:1:   layout_long_grid
Lair:2:   layout_small_grid, guppyfry_snake_entry_garden,
          maelrawn_ghost_gauntlet_escape
Lair:3:   layout_chaotic_city, mainiacjoe_shoals_entry_four_pools

Skill      XL: |  1  2  3  4  5  6  7  8  9 10 11 12 13 |
---------------+----------------------------------------+-----
Stealth        | 1 2 3 4 5 6 7 8 |  8.4
Dodging        | 2 3 4 5 6 7 |  7.1
Ranged Weapons | 4 5 6 7 8 9 10 11 12 | 12.4
Fighting       | 3 4 5 6 7 8 9 |  9.6
Evocations     | 3 5 6 8 9 10 | 10.7
Invocations    | 2 3 4 5 |  5.7
Armour         | 3 5 |  5.0

Action                     |  1- 3 |  4- 6 |  7- 9 | 10-12 | 13-15 || total
---------------------------+-------+-------+-------+-------+-------++-------
  Melee: Sling             |       |       |       |    27 |       ||    27
   Fire: Sling             |   156 |   324 |   790 |  1748 |   698 ||  3716
 Invoke: Heroism           |       |       |       |     3 |     4 ||     7
         Finesse           |       |       |       |     1 |       ||     1
  Evoke: Wand              |       |       |    14 |    16 |     7 ||    37
    Use: Scroll            |       |     4 |     7 |    10 |     1 ||    22
         Potion            |       |       |       |     4 |       ||     4
 Armour: Leather armour    |    14 |    26 |   106 |    44 |       ||   190
         Steam dragon scal |       |       |       |   131 |       ||   131
         Quicksilver drago |       |       |       |   170 |    88 ||   258
  Dodge: Dodged            |    11 |    41 |   102 |   387 |    80 ||   621

Table legend: (Time is in decaauts)
 A = Elapsed time spent in this place.
 B = Non-inter-level travel time spent in this place.
 C = Inter-level travel time spent in this place.
 D = Time resting spent in this place.
 E = Time spent auto-exploring this place.
 F = Levels seen in this place.
 G = Mean time per level.
                   A        B        C        D        E       F      G
               +--------+--------+--------+--------+--------+-----+--------+
         Total |  18306 |  17536 |    770 |   3298 |  10943 |  19 |  963.5 |
       Dungeon |  12404 |  11766 |    638 |   1784 |   7939 |  13 |  954.2 |
        Temple |     75 |     38 |     37 |      0 |      0 |   1 |   75.0 |
          Lair |   3904 |   3809 |     95 |    941 |   2203 |   3 | 1301.3 |
       Ossuary |    234 |    234 |      0 |      0 |    117 |   1 |  234.0 |
        Bailey |   1687 |   1687 |      0 |    573 |    683 |   1 | 1687.0 |
               +--------+--------+--------+--------+--------+-----+--------+

Top non-repeatable levels by time:
    D:12: 1732 daAuts
  Lair:2: 1719 daAuts
  Bailey: 1687 daAuts
     D:7: 1481 daAuts
    D:10: 1433 daAuts
  Lair:1: 1342 daAuts
     D:5: 1013 daAuts
     D:4: 988 daAuts
     D:8: 943 daAuts
    D:11: 941 daAuts
     D:9: 879 daAuts
  Lair:3: 842 daAuts
     D:2: 816 daAuts
     D:3: 809 daAuts
     D:6: 634 daAuts
